 Dungeon Crawl Stone Soup version 0.30-a0-852-g08b95dd62f (webtiles) character file.

Game seed: 1806840074956358137

387 avis the Chiller (level 6, -1/46 HPs)
             Began as a Demigod Ice Elementalist on Mar 5, 2023.
             Slain by a bullfrog zombie (2 damage)
             ... in an ossuary.
             The game lasted 00:15:44 (3021 turns).

avis the Chiller (Demigod Ice Elementalist)         Turns: 3021, Time: 00:15:44

Health: -1/46      AC:  3    Str:  9    XL:     6   Next: 24%
Magic:  13/13      EV: 12    Int: 17    God:
Gold:   217        SH:  0    Dex: 22    Spells: 4/11 levels left

rFire   + . .      SeeInvis .    b - +0 sling
rCold   + . .      Faith    .    (no shield)
rNeg    . . .      Spirit   .    g - +0 robe
rPois   +          Reflect  .    (no helmet)
rElec   +          Rampage  .    l - +0 cloak
rCorr   +                        (no gloves)
Will    .....                    (no boots)
Stlth   ++                       (no amulet)
HPRegen 0.27/turn                (no ring)
MPRegen 0.13/turn                (no ring)

@: resistant
A: high MP 1, forlorn, divine attributes
a: no special abilities


You were in an ossuary.
You visited 1 branch of the dungeon, and saw 4 of its levels.
You also visited: Ossuary.

You collected 217 gold pieces.

Inventory:

Hand Weapons
 a - a +0 dagger
 b - a +0 sling (weapon)
Missiles
 i - 18 poisoned darts
 q - 6 boomerangs
Armour
 g - a +0 robe (worn)
 l - a +0 cloak (worn)
Scrolls
 d - 3 scrolls of noise {unknown}
 e - 4 scrolls of identify {unknown}
 f - a scroll of amnesia {unknown}
 j - a scroll of brand weapon {unknown}
 m - a scroll of fear {unknown}
Potions
 h - 2 potions of invisibility {unknown}
 k - 2 potions of resistance
 n - a potion of brilliance {unknown}
 o - 2 potions of curing {unknown}
 p - 3 potions of magic


   Skills:
 * Level 0.6 Fighting
 - Level 4.0 Ranged Weapons
 - Level 1.7 Dodging
 - Level 1.7 Stealth
 - Level 3.0 Spellcasting
 - Level 5.0 Ice Magic


You had 4 spell levels left.
You knew the following spells:

 Your Spells              Type           Power      Damage    Failure   Level
a - Freeze                Ice            76%        1d8       2%          1
o - Ozocubu's Armour      Ice            19%        N/A       7%          3
r - Frozen Ramparts       Ice            38%        1d6       7%          3

Your spell library contained the following spells:

 Spells                   Type           Power      Damage    Failure   Level
 Summon Ice Beast         Ice/Summ       11%        N/A       52%         4


Dungeon Overview and Level Annotations

Branches:
Dungeon (4/15)            Ossuary (1/1)
 Temple: D:4-7


Innate Abilities, Weirdness & Mutations

You have an increased reservoir of magic. (+10% MP)
You shall have no god before yourself.
Your divine heritage dramatically boosts your attributes as you level up.


Message History

Press: ? - help, Q - select action, (/) - cycle Shift-Dir - straight line, f/p - killer bee zombie
Aim: a killer bee zombie (53% to hit)
You shoot a sling bullet.
The sling bullet hits the killer bee zombie!
The killer bee zombie is moderately damaged.
The killer bee zombie hits you but does no damage. x2
The bullfrog zombie barely misses you.
Fire: b) +0 sling
Press: ? - help, Q - select action, (/) - cycle Shift-Dir - straight line, f/p - killer bee zombie
Aim: a killer bee zombie (moderately damaged, 53% to hit)
You shoot a sling bullet.
The sling bullet closely misses the killer bee zombie.
The killer bee zombie barely misses you. x2
The bullfrog zombie hits you.
* * * LOW HITPOINT WARNING * * *
The bullfrog zombie closely misses you. The killer bee zombie hits you.
* * * LOW HITPOINT WARNING * * *
You feel much better. The killer bee zombie hits you.
The bullfrog zombie hits you.
Fire: b) +0 sling
Press: ? - help, Q - select action, (/) - cycle Shift-Dir - straight line, f - bullfrog zombie, p - killer bee zombie
Aim: a bullfrog zombie (73% to hit)
You shoot a sling bullet.
The sling bullet hits the bullfrog zombie.
The bullfrog zombie is lightly damaged.
The killer bee zombie hits you.
The killer bee zombie closely misses you.
The bullfrog zombie hits you but does no damage.
The bullfrog zombie hits you. The killer bee zombie hits you.
* * * LOW HITPOINT WARNING * * *
Fire: b) +0 sling
Press: ? - help, Q - select action, (/) - cycle Shift-Dir - straight line, f/p - bullfrog zombie
Aim: a bullfrog zombie (lightly damaged, 73% to hit)
You shoot a sling bullet.
The sling bullet hits the bullfrog zombie.
The bullfrog zombie is lightly damaged.
The killer bee zombie hits you!
* * * LOW HITPOINT WARNING * * *
The bullfrog zombie hits you.
You die...

# #####
~~#
#..Z#...#
#.@Z~~~~#
#∩..#~.P#
##### ##


You could see a bullfrog zombie and a killer bee zombie.

Vanquished Creatures
  2 elf skeletons (D:4)
  A bullfrog zombie (Ossuary)
  3 mummies (Ossuary)
  2 human skeletons (D:4)
  A howler monkey zombie (Ossuary)
  6 adders
  2 worms (D:3)
  3 orcs (D:3)
  5 ball pythons
  4 endoplasms
  3 giant cockroaches
  10 goblins
  4 hobgoblins (D:1)
  5 quokkas
  4 bats
  5 kobolds
  An orc skeleton (D:4)
  6 rats
67 creatures vanquished.

Vanquished Creatures (others)
  A withered plant (Ossuary)
1 creature vanquished.

Grand Total: 68 creatures vanquished

Notes
Turn   | Place    | Note
-------+----------+-------------------------------------------
     0 | D:1      | avis the Demigod Ice Elementalist began the quest for the
                  | Orb.
     0 | D:1      | Reached XP level 1. HP: 14/14 MP: 5/5
   172 | D:1      | Reached skill level 4 in Ice Magic
   207 | D:1      | Reached XP level 2. HP: 20/20 MP: 1/7
  1040 | D:2      | Reached XP level 3. HP: 26/26 MP: 9/9
  1422 | D:2      | Learned a level 3 spell: Frozen Ramparts
  1426 | D:2      | Learned a level 3 spell: Ozocubu's Armour
  2060 | D:3      | Reached XP level 4. HP: 33/33 MP: 3/10
  2573 | D:3      | Reached skill level 5 in Ice Magic
  2858 | D:4      | Reached skill level 1 in Ranged Weapons
  2912 | D:4      | Reached XP level 5. HP: 16/38 MP: 8/12
  2966 | D:4      | Found a sand-covered staircase.
  2971 | Ossuary  | Entered an ossuary
  2987 | Ossuary  | Reached XP level 6. HP: 32/45 MP: 9/13
  3012 | Ossuary  | HP: 2/45 [bullfrog zombie (2)]
  3018 | Ossuary  | HP: 2/46 [killer bee zombie (1)]
  3021 | Ossuary  | Slain by a bullfrog zombie

Illustrated notes

Levels and vault maps discovered:
D:1:      zelgadis_glass_arrival_small, layout_basic
D:2:      layout_basic
D:3:      wad_crossroads, layout_loops_ring
D:4:      layout_basic, lemuel_mausoleum_altar_kikubaaqudgha,
          mainiacjoe_overflow_six_doors_small, overflow_temple_1_default,
          nicolae_ru_the_path_less_chosen, serial_glass, glass_columns_b,
          glass_columns_a, glass_columns_a, glass_columns_b, glass_columns_a,
          glass_columns_a, glass_columns_a, glass_columns_a, glass_columns_b,
          glass_columns_b, glass_columns_a, glass_columns_c, glass_columns_a,
          glass_columns_c, nicolae_ossuary_entry_catacombs, roderic_batcave
Ossuary:  ossuary_zaba_flooded

Skill      XL: |  1  2  3  4  5  6 |
---------------+-------------------+-----
Ice Magic      | 4 5 |  5.0
Spellcasting   | 2 3 |  3.0
Ranged Weapons | 2 3 4 |  4.0
Fighting       | |  0.6
Dodging        | |  1.7
Stealth        | |  1.7

Action                     |  1- 3 |  4- 6 || total
---------------------------+-------+-------++-------
  Melee: Dagger            |    30 |    15 ||    45
   Fire: Sling             |       |    94 ||    94
   Cast: Freeze            |    41 |     6 ||    47
         Frozen Ramparts   |     7 |     6 ||    13
         Ozocubu's Armour  |       |    11 ||    11
    Use: Potion            |       |     3 ||     3
   Stab: Sleeping          |     5 |       ||     5
         Distracted        |     1 |       ||     1
 Armour: Robe              |     7 |    43 ||    50
  Dodge: Dodged            |    28 |    76 ||   104

Table legend: (Time is in decaauts)
 A = Elapsed time spent in this place.
 B = Non-inter-level travel time spent in this place.
 C = Inter-level travel time spent in this place.
 D = Time resting spent in this place.
 E = Time spent auto-exploring this place.
 F = Levels seen in this place.
 G = Mean time per level.
                   A        B        C        D        E       F      G
               +--------+--------+--------+--------+--------+-----+--------+
         Total |   3045 |   2918 |    127 |    762 |   1419 |   5 |  609.0 |
       Dungeon |   2985 |   2858 |    127 |    762 |   1419 |   4 |  746.2 |
       Ossuary |     59 |     59 |      0 |      0 |      0 |   1 |   59.0 |
               +--------+--------+--------+--------+--------+-----+--------+

Top non-repeatable levels by time:
     D:3: 1231 daAuts
     D:1: 839 daAuts
     D:2: 723 daAuts
     D:4: 191 daAuts
 Ossuary: 59 daAuts
